 Dungeon Crawl Stone Soup version 0.27-a0-492-ga4bb394fd4 (webtiles) character file.

Game seed: 9750100290466941849

165 Chiseanne the Skirmisher (level 5, 11/41 HPs)
             Began as a Demonspawn Wanderer on Mar 2, 2021.
             Quit the game on level 2 of the Dungeon.
             The game lasted 00:02:20 (1851 turns).

Chiseanne the Skirmisher (Demonspawn Wanderer)      Turns: 1851, Time: 00:02:20

Health: 11/41      AC:  7    Str: 12    XL:     5   Next: 21%
Magic:  5/5        EV: 11    Int: 16    God:
Gold:   71         SH:  0    Dex: 13    Spells: 4/4 levels left

rFire    . . .     SeeInvis .   a - +2 mace
rCold    . . .     Faith    .   (no shield)
rNeg     . . .     Spirit   .   c - +0 ring mail
rPois    .         Reflect  .   m - +1 helmet
rElec    .         Harm     +   l - scarf {harm}
rCorr    .         Rampage  .   (no gloves)
Will     .....                  (no boots)
Stlth    +.........             (no amulet)
HPRegen  0.13/turn              (no ring)
MPRegen  0.09/turn              (no ring)

@: no status effects
A: claws 1, spiny 1, big brain 1, demonic magic 1
a: no special abilities


You were on level 2 of the Dungeon.
You visited 1 branch of the dungeon, and saw 2 of its levels.

You collected 71 gold pieces.

Inventory:

Hand Weapons
 a - a +2 mace (weapon)
 n - a +0 dagger of venom
Missiles
 g - 71 stones (quivered)
 q - 15 sling bullets
Armour
 c - a +0 ring mail (worn)
 l - a scarf of harm (worn)
 m - a +1 helmet (worn)
Scrolls
 i - a scroll of amnesia {unknown}
 j - a scroll of enchant armour {unknown}
 k - 3 scrolls of identify {unknown}
 p - a scroll of magic mapping {unknown}
Potions
 b - a potion of lignification
 d - a potion of curing
 e - a potion of haste {unknown}
 f - a potion of berserk rage {unknown}
 h - a potion of resistance {unknown}
 o - a potion of might {unknown}


   Skills:
 * Level 3.4 Fighting
 - Level 2.6 Maces & Flails
 * Level 2.8 Armour
 * Level 3.1 Dodging
 - Level 1.0 Shields
 - Level 1.0 Evocations


You had 4 spell levels left.
You didn't know any spells.
Your spell library was empty.

Dungeon Overview and Level Annotations

Branches:
Dungeon (2/15)

Altars:
Uskayaw
Wu Jian


Innate Abilities, Weirdness & Mutations

You have sharp fingernails.
You are partially covered in sharp spines.
You have an unusually large brain. (Int +2)
Spells you cast may paralyse adjacent enemies.


Message History

It was a potion of curing.
You feel better. Terence hits you with a +0 mace.
* * * LOW HITPOINT WARNING * * *
The worker ant closely misses you.
You barely miss the worker ant.
The worker ant is almost dead.
The worker ant barely misses you. Terence says, "Did you write a will?
You should..."
Terence completely misses you.
You closely miss the worker ant.
The worker ant is almost dead.
The worker ant is struck by your spines.
You kill the worker ant!
Terence hits you but does no damage.
Your Dodging skill increases to level 3!
You have reached level 5!
Your demonic ancestry asserts itself...
Your fingernails lengthen.
You hit Terence but do no damage.
Terence is heavily wounded.
Terence misses you.
You hit Terence but do no damage.
Terence is heavily wounded.
Terence misses you.
You hit Terence.
Terence is severely wounded.
Terence hits you but does no damage.
You hit Terence.
Terence is almost dead.
Terence misses you.
You completely miss Terence.
Terence is almost dead.
Terence barely misses you.
You barely miss Terence.
Terence is almost dead.
Terence is struck by your spines.
You kill Terence!
Things that are here:
a +0 mace; a +0 chain mail
q - 15 sling bullets Are you sure you want to abandon this character and quit the game? (Confirm with "yes".)

#........#
###........#
#..........#
#..........#
#..........#
#..........#
#...)......#
#....†.....#
#.@.†......#
###..........#
#
#.............
#
#.............#
#
#.............#
.
#.............#
#
#.............#
#
#.............#
#
#.............#
#


There were no monsters in sight!

Vanquished Creatures
  Terence (D:2)
  A worker ant (D:2)
  6 adders (D:2)
  4 dart slugs (D:1)
  A leopard gecko (D:1)
  7 bats
  A giant cockroach (D:2)
  4 goblins
  5 hobgoblins
  7 jackals
  7 kobolds
  4 frilled lizards
  4 rats (D:1)
52 creatures vanquished.

Vanquished Creatures (others)
  4 toadstools (D:1)
4 creatures vanquished.

Grand Total: 56 creatures vanquished

Notes
Turn   | Place    | Note
-------+----------+-------------------------------------------
     0 | D:1      | Chiseanne the Demonspawn Wanderer began the quest for the
                  | Orb.
     0 | D:1      | Chiseanne set off with the following items: a +2 mace, a
                  | potion of lignification, a +0 ring mail
     0 | D:1      | Reached XP level 1. HP: 16/16 MP: 1/1
    63 | D:1      | Gained mutation: You have an unusually large brain. (Int
                  | +2) [demonic ancestry]
    63 | D:1      | Reached XP level 2. HP: 19/22 MP: 2/2
   509 | D:1      | Gained mutation: Spells you cast may paralyse adjacent
                  | enemies. [demonic ancestry]
   509 | D:1      | Reached XP level 3. HP: 21/28 MP: 3/3
   922 | D:2      | Found an ornate altar of the Wu Jian Council.
  1624 | D:2      | Gained mutation: You are partially covered in sharp spines.
                  | [demonic ancestry]
  1624 | D:2      | Reached XP level 4. HP: 29/34 MP: 4/4
  1737 | D:2      | Found a hide-covered altar of Uskayaw.
  1827 | D:2      | Noticed Terence
  1841 | D:2      | Gained mutation: You have sharp fingernails. [demonic
                  | ancestry]
  1841 | D:2      | Reached XP level 5. HP: 10/41 MP: 5/5
  1846 | D:2      | Killed Terence
  1851 | D:2      | Quit the game

Illustrated notes

Levels and vault maps discovered:
D:1:      ldierk_walled_garden_2, layout_loops_cross
D:2:      layout_basic, pdpol_wu_jian_five_deadly_venoms, marbit_many_paths,
          small_statue_intersection, uniq_crazy_yiuf_cottage, uniq_terence

Skill      XL: |  1  2  3  4 |
---------------+-------------+-----
Dodging        | 2 3 |  3.1
Armour         | 2 |  2.8
Fighting       | 3 |  3.4
Maces & Flails | |  2.6
Shields        | |  1.0
Evocations     | |  1.0

Action                   |  1- 3 |  4- 6 || total
-------------------------+-------+-------++-------
Melee: Mace              |   106 |    29 ||   135
  Use: Potion            |       |     1 ||     1
Armor: Ring mail         |    75 |    14 ||    89
Dodge: Dodged            |    87 |    29 ||   116

Table legend: (Time is in decaauts)
 A = Elapsed time spent in this place.
 B = Non-inter-level travel time spent in this place.
 C = Inter-level travel time spent in this place.
 D = Time resting spent in this place.
 E = Time spent auto-exploring this place.
 F = Levels seen in this place.
 G = Mean time per level.
                   A        B        C        D        E       F      G
               +--------+--------+--------+--------+--------+-----+--------+
         Total |   1892 |   1869 |     23 |    260 |   1304 |   2 |  946.0 |
       Dungeon |   1892 |   1869 |     23 |    260 |   1304 |   2 |  946.0 |
               +--------+--------+--------+--------+--------+-----+--------+

Top non-repeatable levels by time:
     D:2: 961 daAuts
     D:1: 930 daAuts
